 Dungeon Crawl Stone Soup version 0.28.0-53-g5a82cb258f (webtiles) character file.

Game seed: 17723165580682483298

2153 SensoryNuts the Cleaver (level 9, -1/61 HPs)
             Began as an Octopode Fighter on Aug 20, 2022.
             Was a Believer of Dithmenos.
             Slain by an unseen horror (4 damage)
             ... on level 7 of the Dungeon.
             The game lasted 00:09:30 (6385 turns).

SensoryNuts the Cleaver (Octopode Fighter)          Turns: 6385, Time: 00:09:30

Health: -1/61      AC:  5    Str: 18    XL:     9   Next: 31%
Magic:  18/18      EV: 16    Int: 12    God:    Dithmenos [**....]
Gold:   269        SH:  7    Dex: 22    Spells: 8/8 levels left

rFire   . . .      SeeInvis .   a - +1 war axe
rCold   . . .      Faith    .   b - +1 buckler
rNeg    . . .      Spirit   .   (helmet restricted)
rPois   +          Reflect  .   e - amulet "Azxenos" {Acrobat *Slow rPois Str+3 Dex+6}
rElec   .          Harm     .   i - +4 ring of protection
rCorr   .          Rampage  .   k - ring of flight
Will    .....                   l - ring of magical power
Stlth   ++++++....              (no ring)
HPRegen 0.20/turn               (no ring)
MPRegen 0.16/turn               (no ring)
                                (no ring)
                                (no ring)

@: flying, wreathed by umbra, studying Slings
A: almost no armour, amphibious, 8 rings, camouflage 1, gelatinous body 1,
(nimble swimmer 1), tentacles, clever 1, wild magic 1
a: Renounce Religion, Shadow Step


You were on level 7 of the Dungeon.
You worshipped Dithmenos.
Dithmenos was pleased with you.
You visited 2 branches of the dungeon, and saw 8 of its levels.

You collected 269 gold pieces.

Inventory:

Hand Weapons
 a - a +1 war axe (weapon)
Missiles
 o - 4 throwing nets (quivered)
Armour
 b - a +1 buckler (worn)
Jewellery
 e - the amulet "Azxenos" (around mantle) {Acrobat *Slow rPois Str+3 Dex+6}
   (You found it on level 2 of the Dungeon)

   [amulet of the acrobat]

   It increases your evasion while moving and waiting.
   Str:       It affects your strength (+3).
   Dex:       It affects your dexterity (+6).
   rPois:     It protects you from poison.
   *Slow:     It may slow you when you take damage.
 i - a +4 ring of protection (left tentacle)
 k - a ring of flight (right tentacle)
 l - a ring of magical power (on tentacle)
 m - an amulet of faith
 s - a ring of positive energy
Scrolls
 c - a scroll of amnesia
 d - 3 scrolls of teleportation
 f - a scroll of vulnerability
 h - a scroll of fog
 j - a scroll of blinking
Potions
 n - 3 potions of brilliance


   Skills:
 + Level 5.5 Fighting
 + Level 8.8 Axes
 + Level 5.0 Dodging
 + Level 6.3 Stealth
 + Level 4.6 Shields


You had 8 spell levels left.
You didn't know any spells.
Your spell library contained the following spells:

 Spells                   Type           Power      Damage    Failure   Level
 Freeze                   Ice            0%         1d3       47%         1
 Summon Small Mammal      Summ           0%         N/A       47%         1
 Call Canine Familiar     Summ           0%         N/A       83%         3
 Frozen Ramparts          Ice            0%         1d2       83%         3
 Summon Guardian Golem    Hex/Summ       0%         N/A       83%         3
 Hailstorm                Conj/Ice       0%         3d3       99%         4


Dungeon Overview and Level Annotations

Branches:
Dungeon (7/15)             Temple (1/1) D:4

Altars:
Ashenzari
Cheibriados
Dithmenos
Elyvilon
Fedhas
Gozag
Hepliaklqana
Kikubaaqudgha
Makhleb
Nemelex Xobeh
Okawaru
Qazlal
Ru
Sif Muna
Trog
Uskayaw
Vehumet
Wu Jian
Xom
Yredelemnul
The Shining One

Annotations:
D:7 Menkaure, Prince Ribbit


Innate Abilities, Weirdness & Mutations

You cannot wear most types of armour.
You are amphibious.
You can wear up to eight rings at the same time.
Your skin changes colour to match your surroundings (Stealth+).
Your rubbery body absorbs attacks. (AC +1, EV +1)
((You are camouflaged when in or above water. (Stealth+)))
You have tentacles for arms and can constrict up to eight enemies at once.
Your mind is acute. (Int +2)
Your spells are a little harder to cast, but a little more powerful.


Message History

An orc comes into view. It is wielding a +0 trident.
The helpless orc fails to defend itself.
You hit the orc. You grab the orc.
The orc is heavily wounded.
You constrict the orc.
You kill the orc!
Dithmenos accepts your kill.
You see here a +0 hand axe.
The helpless orc fails to defend itself.
You hit the orc but do no damage. You grab the orc. You constrict the orc.
You block the orc's attack.
You slash the orc!
You kill the orc!
Dithmenos accepts your kill.
The orc wizard shouts!
The orc shouts!
You hear a shout!
Something shouts, "Back with thee, thou venomed roguish slime mould!"
Things that are here:
a +0 flail; a +0 chain mail; an orc corpse You hit the orc warrior.
You grab the orc warrior.
The orc warrior is moderately wounded.
You constrict the orc warrior, but do no damage.
Something hits you.
Menkaure, Prince of Dust comes into view.
You hit the orc warrior but do no damage.
The orc warrior is moderately wounded.
You miss something.
You hear the brisk hiss of an avalanche of sand very nearby.
You constrict the orc warrior. Something hits you! The orc warrior misses you.
You hit the orc warrior.
The orc warrior is heavily wounded.
You completely miss something. You constrict the orc warrior.
Something hits you but does no damage.
The orc warrior hits you with a +0 flail!
* * * LOW HITPOINT WARNING * * *
You hit the orc warrior but do no damage.
The orc warrior is heavily wounded.
You barely miss something. You constrict the orc warrior. Something hits you.
* * * LOW HITPOINT WARNING * * *
Something hits you.
You die...

#.# #.# #.# #.# #.#
#.# ##.##
#...###########
#......#...)@ooo....
...###...######M####
. ........
..########


You could see an orc warrior, Menkaure, an orc wizard and an orc.

Vanquished Creatures
  A human (D:3)
  2 ice beasts
  A sky beast (D:6)
  A black bear (D:4)
  2 necrophages
  2 ogres
  A phantom (D:5)
  A gnoll sergeant (D:7)
  2 scorpions
  A water moccasin skeleton (D:6)
  A howler monkey (D:7)
  A human zombie (D:3)
  A jelly (D:5)
  3 orc priests
  A bullfrog skeleton (D:6)
  2 gnoll shamans
  4 hounds
  A centaur skeleton (D:5)
  5 iguanas
  A human skeleton (D:3)
  4 orc wizards
  A howler monkey skeleton (D:6)
  5 adders
  16 gnolls
  A shadow imp (D:6)
  A white imp (D:5)
  An ufetubus (D:4)
  2 worms
  3 dart slugs
  23 orcs
  7 ball pythons
  6 endoplasms
  5 giant cockroaches
  6 goblins
  6 hobgoblins
  10 jackals
  4 kobolds
  2 quokkas
  6 bats
  2 frilled lizards
  2 rats (D:1)
147 creatures vanquished.

Notes
Turn   | Place    | Note
-------+----------+-------------------------------------------
     0 | D:1      | SensoryNuts the Octopode Fighter began the quest for the
                  | Orb.
     0 | D:1      | Reached XP level 1. HP: 16/16 MP: 1/1
   211 | D:1      | Reached XP level 2. HP: 21/21 MP: 2/2
   488 | D:1      | Reached XP level 3. HP: 23/26 MP: 3/3
  1092 | D:2      | Identified the amulet "Azxenos" {Acrobat *Slow rPois Str+3
                  | Dex+6}
  1266 | D:2      | Found a faded altar of an unknown god.
  1320 | D:2      | Reached skill level 1 in Stealth
  1789 | D:3      | Reached XP level 4. HP: 24/30 MP: 4/4
  1912 | D:3      | Reached skill level 3 in Axes
  2165 | D:3      | Noticed a necrophage
  2182 | D:3      | Killed a necrophage
  2183 | D:3      | Reached XP level 5. HP: 14/36 MP: 5/5
  2189 | D:3      | Reached skill level 4 in Axes
  2491 | D:3      | Found a runed translucent door.
  2491 | D:3      | Noticed a human
  2492 | D:3      | Found a basalt altar of Yredelemnul.
  2500 | D:3      | Reached XP level 6. HP: 36/42 MP: 6/6
  2619 | D:3      | Killed a human
  2845 | D:3      | Reached skill level 5 in Axes
  2958 | D:4      | Found an ancient bone altar of Kikubaaqudgha.
  2960 | D:4      | Noticed a necrophage
  2973 | D:4      | Reached XP level 7. HP: 37/47 MP: 7/7
  3302 | D:4      | Found a staircase to the Ecumenical Temple.
  3310 | D:4      | Reached skill level 6 in Axes
  3338 | Temple   | Entered the Ecumenical Temple
  3457 | Temple   | Became a worshipper of Dithmenos the Shadowed
  4097 | D:5      | Entered Level 5 of the Dungeon
  4126 | D:5      | Reached XP level 8. HP: 54/54 MP: 8/8
  4203 | D:5      | Reached skill level 5 in Stealth
  4255 | D:5      | Reached skill level 7 in Axes
  4355 | D:5      | Reached * piety under Dithmenos
  5049 | D:6      | Reached skill level 5 in Fighting
  5051 | D:6      | Reached skill level 8 in Axes
  5461 | D:6      | Found a bloodstained altar of Trog.
  5467 | D:6      | Reached XP level 9. HP: 61/61 MP: 9/9
  5881 | D:6      | Identified the +1 ring mail of Anapog {rF- rC+ rCorr Int+3}
  5988 | D:6      | Gained mutation: Your mind is acute. (Int +2) [potion of
                  | mutation]
  5988 | D:6      | Gained mutation: Your spells are a little harder to cast,
                  | but a little more powerful. [potion of mutation]
  6134 | D:7      | Reached skill level 5 in Dodging
  6140 | D:7      | Reached ** piety under Dithmenos
  6259 | D:7      | Noticed Prince Ribbit
  6382 | D:7      | Noticed Menkaure
  6385 | D:7      | HP: 3/61 [something (5)]
  6385 | D:7      | Slain by an unseen horror

Illustrated notes

Levels and vault maps discovered:
D:1:      minmay_arrival_four_houses, layout_basic, st_stairs_6
D:2:      layout_rooms, dreamdust_ecumenical_altar_grove, serial_curves,
          eino_curves_04, eino_curves_03, eino_curves_04
D:3:      layout_rooms, dk_yredelemnul_ordeal, kennysheep_generic_room_14
D:4:      black_bear_nest_1, layout_basic, mainiacjoe_overflow_surrounded_room,
          minmay_temple_entry_butterflies, minmay_manual_moon
D:5:      layout_cave_pools
D:6:      layout_loops_ring, lemuel_crystal_altar
D:7:      layout_loops_ring, enter_ossuary_1, kennysheep_dice,
          uniq_crazy_yiuf_cottage, uniq_menkaure, uniq_prince_ribbit1
Temple:   mainiacjoe_temple_coin_purse

Skill      XL: |  1  2  3  4  5  6  7  8  9 |
---------------+----------------------------+-----
Stealth        | 1 2 3 4 5 6 |  6.3
Axes           | 3 4 5 6 8 |  8.8
Fighting       | 4 5 |  5.5
Dodging        | 4 5 |  5.0
Shields        | 4 |  4.6

Action                   |  1- 3 |  4- 6 |  7- 9 || total
-------------------------+-------+-------+-------++-------
Melee: War axe           |    56 |    51 |   181 ||   288
       Constrict         |    16 |    12 |    45 ||    73
       Tentacles         |     9 |    11 |    42 ||    62
       Punch             |       |     2 |     6 ||     8
  Use: Scroll            |     3 |     3 |     7 ||    13
       Potion            |     2 |     3 |     6 ||    11
 Stab: Sleeping          |     3 |     7 |    16 ||    26
       Distracted        |       |       |     2 ||     2
Armor: Skin              |     8 |     6 |    21 ||    35
Dodge: Dodged            |    25 |    34 |   113 ||   172
Block: Buckler           |     8 |    14 |    55 ||    77
